 Dungeon Crawl Stone Soup version 0.19-a0-585-ge40200b (webtiles) character file.

4 ololoev the Firebug (level 1, 2/10 HPs)
             Began as a Deep Elf Fire Elementalist on June 9, 2016.
             Quit the game on level 2 of the Dungeon.
             The game lasted 00:01:01 (106 turns).

ololoev the Firebug (Deep Elf Fire Elementalist)     Turns: 106, Time: 00:01:02

Health: 2/10       AC:  3    Str:  5    XL:     1   Next: 50%
Magic:  1/6        EV: 13    Int: 19    God:
Gold:   0          SH:  0    Dex: 15    Spells: 1 memorised, 5 levels left

rFire  . . .     SeeInvis .     (no weapon)
rCold  . . .     Gourm    .     a - +0 robe
rNeg   . . .     Faith    .     (no shield)
rPois  .         Spirit   .     (no helmet)
rElec  .         Dismiss  .     (no cloak)
rCorr  .         Reflect  .     d - +0 pair of gloves
SustAt .         Harm     .     (no boots)
MR     .....     Rnd*Tele +     (no amulet)
Stlth  ++........               (no ring)
                                f - ring of teleportation (curse)

@: lethally poisoned (2 -> -16), very slightly contaminated, not resistant to
hostile enchantments, unstealthy
A: no striking features
a: no special abilities

Inventory:

Armour
 a - a +0 robe (worn)
 d - a +0 pair of gloves (worn)
Jewellery
 f - a cursed ring of teleportation (left hand)
Books
 b - a book of Flames

   Spells                             Type                      Level
   a - Flame Tongue                   Conjuration/Fire             1
   b - Throw Flame                    Conjuration/Fire             2
   c - Conjure Flame                  Conjuration/Fire             3
   d - Inner Flame                    Hexes/Fire                   3
   e - Sticky Flame                   Conjuration/Fire             4
   f - Fireball                       Conjuration/Fire             5
Comestibles
 c - a bread ration
 g - a meat ration


   Skills:
 - Level 2.4 Dodging
 - Level 2.4 Stealth
 + Level 3.2 Spellcasting
 * Level 1.3 Conjurations
 + Level 3.3 Fire Magic


You had 5 spell levels left.
You knew the following spells:

 Your Spells              Type           Power        Failure   Level  Hunger
a - Flame Tongue          Conj/Fire      ##...        8%          1    None


You were on level 2 of the Dungeon.
You were not hungry.

You visited 1 branch of the dungeon, and saw 2 of its levels.

##w .###.##.#
.. #. #†# # #.#
#.# # #.#
####.##.#######
..........)...#
####.##.####.##
.. #@# ## #S#
..# ####

Notes
Turn   | Place    | Note
--------------------------------------------------------------
     0 | D:1      | ololoev the Deep Elf Fire Elementalist began the quest for the Orb.
     0 | D:1      | Reached XP level 1. HP: 10/10 MP: 6/6
   106 | D:2      | Quit the game

Dungeon Overview and Level Annotations

Branches:
Dungeon (2/15)

Altars:


Message History

a dagger; 2 stones; a kobold corpse You open the door.
Found a stone staircase leading down.
There is an open door here.
There is a stone staircase leading down here.
You climb downwards.
A worm comes into view.
Found a scroll labeled KACKONWANOIKK.
There is a stone staircase leading up here.
You see here a scroll labeled KACKONWANOIKK.
You see here a scroll labeled KACKONWANOIKK.
e - a scroll labeled KACKONWANOIKK You open the door.
Found an opal ring.
There is an open door here.
You close the door.
f - an opal ring Put on which piece of jewellery? (? for menu, Esc to quit)
You feel slightly jumpy.
Oops, that ring feels deathly cold.
f - a cursed ring of teleportation (left hand)
As you read the scroll labeled KACKONWANOIKK, it crumbles to dust.
You hear a loud clanging noise!
It was a scroll of noise.
You hear a shout!
You hear a bark! x4; You hear a shout!
You hear a bark!
A quokka comes into view.
Found a meat ration.
Casting: Flame Tongue
Confirm with . or Enter, or press ? or * to list all spells.
Aiming: Flame Tongue
Press: ? - help, Shift-Dir - straight line, f - quokka
Aim: a quokka The flame tongue hits the quokka.
The quokka is moderately wounded.
Casting: Flame Tongue
Confirm with . or Enter, or press ? or * to list all spells.
Aiming: Flame Tongue
Press: ? - help, Shift-Dir - straight line, f/p - quokka
Aim: a quokka (moderately wounded)
The flame tongue hits the quokka.
You kill the quokka!
Found a short sword.
An adder comes into view.
You see here a meat ration.
g - a meat ration
Casting: Flame Tongue
Confirm with . or Enter, or press ? or * to list all spells.
Aiming: Flame Tongue
Press: ? - help, Shift-Dir - straight line, f - adder
Aim: an adder The flame tongue hits the adder.
The adder appears unharmed.
The adder misses you.
Casting: Flame Tongue
Confirm with . or Enter, or press ? or * to list all spells.
Aiming: Flame Tongue
Press: ? - help, Shift-Dir - straight line, f/p - adder
Aim: an adder The flame tongue hits the adder.
The adder is moderately wounded.
The adder closely misses you. The adder misses you.
Casting: Flame Tongue
Confirm with . or Enter, or press ? or * to list all spells.
Aiming: Flame Tongue
Press: ? - help, Shift-Dir - straight line, f/p - adder
Aim: an adder (moderately wounded)
You miscast Flame Tongue.
You are very lightly contaminated with residual magic.
You hear a sizzling sound.
The adder bites you.
You are lethally poisoned!
The adder poisons you!
Casting: Flame Tongue
Confirm with . or Enter, or press ? or * to list all spells.
Aiming: Flame Tongue
Press: ? - help, Shift-Dir - straight line, f/p - adder
Aim: an adder (moderately wounded)
You miscast Flame Tongue.
Sparks fly from your hands!
You feel sick. The adder bites you.
You are more poisoned.
The adder poisons you!
Are you sure you want to abandon this character and quit the game? (Confirm with "yes".)

You could see an adder.

Vanquished Creatures
  2 kobolds (D:1)
  A quokka (D:2)
3 creatures vanquished.

Action                   || total
-------------------------++-------
 Cast: Flame Tongue      ||     7
  Use: Scroll            ||     1
Dodge: Dodged            ||     4

Vault maps used:
D:1:      lordsloth_arrival_two_stooges
D:2:      marbit_many_paths, makhleb_grotto_becter,
          nicolae_overflow_crystal_walls, trog_three_pillars_becter,
          uniq_crazy_yiuf_cottage, uniq_robin
